 Dungeon Crawl Stone Soup version 0.28.0-49-g6dfe1f597d (webtiles) character file.

Game seed: 3258233065186110986

87 Atelerd the Digger (level 4, 0/27 HPs)
             Began as an Octopode Earth Elementalist on May 12, 2022.
             Slain by a howler monkey skeleton (3 damage)
             ... on level 3 of the Dungeon.
             The game lasted 00:02:16 (3142 turns).

Atelerd the Digger (Octopode Earth Elementalist)    Turns: 3142, Time: 00:02:17

Health: 0/27       AC:  1    Str:  7    XL:     4   Next: 51%
Magic:  0/7        EV: 13    Int: 19    God:
Gold:   67         SH:  0    Dex: 12    Spells: 6/7 levels left

rFire   . . .      SeeInvis .   d - +0 dagger
rCold   . . .      Faith    .   (no shield)
rNeg    . . .      Spirit   .   (helmet restricted)
rPois   .          Reflect  .   (no amulet)
rElec   .          Harm     .   (no ring)
rCorr   .          Rampage  .   (no ring)
Will    .....                   (no ring)
Stlth   +++.......              (no ring)
HPRegen 0.09/turn               (no ring)
MPRegen 0.10/turn               (no ring)
                                (no ring)
                                (no ring)

@: no status effects
A: almost no armour, amphibious, 8 rings, camouflage 1, gelatinous body 1,
(nimble swimmer 1), tentacles
a: no special abilities


You were on level 3 of the Dungeon.
You visited 1 branch of the dungeon, and saw 3 of its levels.

You collected 67 gold pieces.

Inventory:

Hand Weapons
 d - a +0 dagger (weapon)
 j - the +3 whip "Saass" {speed, *Slow rF+ rC++ Str+3}
   (You found it on level 2 of the Dungeon)

   Attacks with this weapon are significantly faster.
   Str:       It affects your strength (+3).
   rF:        It protects you from fire.
   rC:        It greatly protects you from cold.
   *Slow:     It may slow you when you take damage.
Missiles
 b - 35 stones
Jewellery
 i - a ring of fire
Scrolls
 c - a scroll of identify {unknown}
 g - a scroll of fear {unknown}
 k - a scroll of teleportation {unknown}
Potions
 e - a potion of heal wounds {unknown}
 h - a potion of invisibility {unknown}


   Skills:
 + Level 0.2 Fighting
 + Level 0.3 Short Blades
 - Level 2.0 Dodging
 + Level 3.7 Stealth
 * Level 2.3 Spellcasting
 * Level 1.8 Transmutations
 * Level 4.1 Earth Magic


You had 6 spell levels left.
You knew the following spells:

 Your Spells              Type           Power      Damage    Failure   Level
a - Sandblast             Erth           34%        2d9       3%          1

Your spell library contained the following spells:

 Spells                   Type           Power      Damage    Failure   Level
 Passwall                 Tmut/Erth      10%        N/A       7%          2
 Animate Skeleton         Necr           4%         N/A       16%         1
 Apportation              Tloc           4%         N/A       16%         1
 Summon Small Mammal      Summ           8%         N/A       16%         1
 Stone Arrow              Conj/Erth      20%        3d8       22%         3
 Petrify                  Tmut/Erth      13%        N/A       43%         4


Dungeon Overview and Level Annotations

Branches:
Dungeon (3/15)

Altars:
Ru


Innate Abilities, Weirdness & Mutations

You cannot wear most types of armour.
You are amphibious.
You can wear up to eight rings at the same time.
Your skin changes colour to match your surroundings (Stealth+).
Your rubbery body absorbs attacks. (AC +1, EV +1)
((You are camouflaged when in or above water. (Stealth+)))
You have tentacles for arms and can constrict up to eight enemies at once.


Message History

The blast of sand misses the gnoll.
The blast of sand misses the gnoll.
The gnoll hits you with a +0 whip!
The blast of sand hits the gnoll.
The gnoll is heavily wounded.
The gnoll hits you with a +0 whip.
You are too injured to fight recklessly!
You hit the gnoll. You grab the gnoll.
The gnoll is heavily wounded.
You constrict the gnoll, but do no damage.
The gnoll closely misses you.
You are too injured to fight recklessly!
You are too injured to fight recklessly!
Casting: Sandblast (safe; 3% risk of failure)
Confirm with . or Enter, or press ? or * to list all spells.
Aiming: Sandblast (safe; 3% risk of failure)
Press: ? - help, Shift-Dir - straight line, f/p - gnoll
Aim: a gnoll, wielding a +0 whip (heavily wounded, constricted by you, 100% to hit)
The blast of sand hits the gnoll.
The gnoll is almost dead.
You constrict the gnoll, but do no damage.
The gnoll hits you with a +0 whip!
* * * LOW HITPOINT WARNING * * *
Casting: Sandblast (safe; 3% risk of failure)
Confirm with . or Enter, or press ? or * to list all spells.
Aiming: Sandblast (safe; 3% risk of failure)
Press: ? - help, Shift-Dir - straight line, f/p - gnoll
Aim: a gnoll, wielding a +0 whip (almost dead, constricted by you, 100% to hit)
The blast of sand hits the gnoll.
You kill the gnoll!
Your magical contamination has completely faded away.
Unknown command.
Casting: Sandblast (safe; 3% risk of failure)
Confirm with . or Enter, or press ? or * to list all spells.
Aiming: Sandblast (safe; 3% risk of failure)
Press: ? - help, Shift-Dir - straight line, f - howler monkey skeleton
Aim: a howler monkey skeleton (95% to hit)
The blast of sand hits the howler monkey skeleton!
The howler monkey skeleton is moderately damaged.
The howler monkey skeleton hits you.
You die...

*,,**,* **,,,,,*,* ***,,,,,
*****,* **.....,* *,*,,,
********,* *#...###******,,***
*,,**,,,,* #.....,,,,*,,,,,,*
*,***,,,,** ###....####.*,**,*,*
*,***,,,,,####.......(...,,*,,,,*
,,,,,,,,_,...............,,,,,,,,
*,*****,,,,,*#...........,,*,,,,*
*,** **,,,,***#@Z..####.,,,,,,,*
*,,* *,,,,* #)........,,,,,,,*
**** *,**** #...######,**,,,**
##,* #...# *********≈ #.,* #...#
**≈,≈≈,,≈≈≈ **####.########...#
*≈≈≈≈≈≈≈≈≈,
*,.........g......#***,,********
**,###......###......#*,,≈≈≈≈≈≈**
*,,,*#..........#.#...#*,≈,∩,≈,≈*


You could see a howler monkey skeleton.

Vanquished Creatures
  A gnoll (D:3)
  2 adders
  3 worms (D:2)
  A dart slug (D:1)
  An orc (D:3)
  4 ball pythons
  3 endoplasms
  2 giant cockroaches
  5 goblins
  2 hobgoblins (D:1)
  2 jackals (D:2)
  6 kobolds
  2 quokkas
  4 bats
  3 frilled lizards (D:2)
  3 rats
44 creatures vanquished.

Vanquished Creatures (others)
  3 fungi (D:3)
3 creatures vanquished.

Grand Total: 47 creatures vanquished

Notes
Turn   | Place    | Note
-------+----------+-------------------------------------------
     0 | D:1      | Atelerd the Octopode Earth Elementalist began the quest for
                  | the Orb.
     0 | D:1      | Reached XP level 1. HP: 11/11 MP: 3/3
   319 | D:1      | Reached XP level 2. HP: 17/17 MP: 5/5
  1318 | D:2      | Reached XP level 3. HP: 20/21 MP: 6/6
  1385 | D:2      | Identified the +3 whip "Saass" {speed, *Slow rF+ rC++
                  | Str+3}
  1465 | D:2      | Reached skill level 4 in Earth Magic
  2457 | D:2      | Reached XP level 4. HP: 21/27 MP: 5/7
  2820 | D:2      | Found a sacrificial altar of Ru.
  3142 | D:3      | Slain by a howler monkey skeleton

Illustrated notes

Levels and vault maps discovered:
D:1:      beargit_arrival_diablo_church, layout_basic, palyth_stone_intersect
D:2:      layout_loops_corners, basic_altar
D:3:      layout_loops_cross, mainiacjoe_overflow_boulevard,
          nicolae_overflow_crystal_walls, gup_sewer_entry_pipe, minmay_rat_hole

Skill      XL: |  1  2  3 |
---------------+----------+-----
Earth Magic    | 4 |  4.1
Stealth        | 3 |  3.7
Fighting       | |  0.2
Short Blades   | |  0.3
Dodging        | |  2.0
Spellcasting   | |  2.3
Transmutations | |  1.8

Action                   |  1- 3 |  4- 6 || total
-------------------------+-------+-------++-------
Melee: Unarmed           |     5 |       ||     5
       Dagger            |    59 |    16 ||    75
       Constrict         |    13 |     3 ||    16
       Tentacles         |    11 |     1 ||    12
 Cast: Sandblast         |    18 |    10 ||    28
  Use: Scroll            |       |     1 ||     1
       Potion            |       |     1 ||     1
 Stab: Sleeping          |    11 |     3 ||    14
Dodge: Dodged            |    29 |     5 ||    34
